 Dungeon Crawl Stone Soup version 0.22-a0-538-g76cc104 (webtiles) character file.

186 iamserjio the Sneak (level 5, -1/43 HPs)
             Began as a Gnoll Assassin on June 23, 2018.
             Killed from afar by an orc wizard (6 damage)
             ... with a puff of flame
             ... on level 4 of the Dungeon.
             The game lasted 00:04:15 (586 turns).

iamserjio the Sneak (Gnoll Assassin)                 Turns: 586, Time: 00:04:16

Health: -1/43      AC:  3    Str: 13    XL:     5   Next: 66%
Magic:  7/7        EV: 13    Int: 15    God:
Gold:   58         SH:  0    Dex: 16    Spells: 7/7 levels left

rFire    . . .     SeeInvis .   a - +2 dagger
rCold    . . .     Gourm    .   (no shield)
rNeg     . . .     Faith    .   c - +0 robe
rPois    .         Spirit   .   (no helmet)
rElec    .         Reflect  .   d - +0 cloak
rCorr    .         Harm     .   (no gloves)
MR       .....                  (no boots)
Stlth    ++++......             (no amulet)
HPRegen  0.14/turn              (no ring)
MPRegen  0.10/turn              (no ring)

@: no status effects
A: distributed training, fangs 1, strong nose
a: no special abilities


You were on level 4 of the Dungeon.
You were not hungry.

You visited 1 branch of the dungeon, and saw 4 of its levels.

You collected 58 gold pieces.

Inventory:

Hand Weapons
 a - a +2 dagger (weapon)
 b - a +0 blowgun
Missiles
 e - 12 poisoned needles
 f - 2 curare-tipped needles {!f}
Armour
 c - a +0 robe (worn)
 d - a +0 cloak (worn)
Wands
 k - a wand of paralysis (2)
Scrolls
 i - a scroll of magic mapping {unknown}
 l - a scroll of teleportation {unknown}
 n - 3 scrolls of remove curse {unknown}
Potions
 h - a potion of mutation {unknown}
 j - a potion of curing {unknown}
 m - a potion of heal wounds {unknown}
Comestibles
 g - 2 rations


   Skills:
 + Level 4.8 Fighting
 + Level 4.8 Short Blades
 + Level 1.5 Long Blades
 + Level 1.5 Axes
 + Level 1.5 Maces & Flails
 + Level 1.5 Polearms
 + Level 1.5 Staves
 + Level 1.5 Slings
 + Level 1.5 Bows
 + Level 1.5 Crossbows
 + Level 4.8 Throwing
 + Level 1.5 Armour
 + Level 3.0 Dodging
 + Level 7.9 Stealth
 + Level 1.5 Shields
 + Level 1.5 Unarmed Combat
 + Level 1.5 Spellcasting
 + Level 1.2 Conjurations
 + Level 1.2 Hexes
 + Level 1.2 Charms
 + Level 1.2 Summonings
 + Level 1.2 Necromancy
 + Level 1.2 Translocations
 + Level 1.2 Transmutations
 + Level 1.2 Fire Magic
 + Level 1.2 Ice Magic
 + Level 1.2 Air Magic
 + Level 1.2 Earth Magic
 + Level 1.2 Poison Magic
 + Level 1.7 Invocations
 + Level 1.5 Evocations


You had 7 spell levels left.
You didn't know any spells.
Your spell library was empty.

Dungeon Overview and Level Annotations

Branches:
Dungeon (4/15)
 Temple: D:4-7

Altars:
Xom
The Shining One


Innate Abilities, Weirdness & Mutations

Your experience applies equally to all skills.
You have very sharp teeth.
Your uncanny sense of smell can sniff out nearby items.


Message History

The curare-tipped needle {!f} hits the orc.
The orc looks even sicker.
The orc convulses.
You kill the orc!
Wield which item (- for none, * to show all)? (? for menu, Esc to quit)
a - a +2 dagger (weapon)
f - 2 curare-tipped needles {!f} (gained 1)
e - 12 poisoned needles (gained 1)
Things that are here:
a club; an orc corpse You open the door. 2 orcs and an orc wizard come into view.
There is an open door here.
The helpless orc fails to defend itself.
You spit the orc like a pig!!!
You kill the orc!
The orc shouts!
The orc wizard shouts!
You hear a shout!
An orc priest comes into view. It is wielding a hand axe.
The orc wizard gestures at you while chanting.
The puff of flame hits you!
You die...

.#.#..###### #.....#
.#.#.... ..# ##.....#
...#...###.# ##......#
#..#.....#.# #.##.......#
#..#..##.#)# #..o.......#
##.#.......# #..........#
#..#.#.#### #########.####
#.........#o####...........#
##.#.#.##.#.oo)@..).(..(...#
...#.#.##.######...........#
###.#.#.##.# #############
#...#.##.# #...#.##.#
#.....##.# ...####.# ∆ #.#
#.#


You could see an orc priest, an orc wizard and an orc.

Vanquished Creatures
  A water moccasin skeleton (D:4)
  A hound (D:4)
  Ijyb (D:4)
  2 worker ants (D:4)
  An adder (D:2)
  A worm (D:3)
  2 leopard geckos
  2 orcs (D:4)
  A goblin (D:2)
  3 hobgoblins
  4 bats
  A frilled lizard (D:1)
  2 kobolds
  A rat (D:3)
23 creatures vanquished.

Notes
Turn   | Place    | Note
-------+----------+-------------------------------------------
     0 | D:1      | iamserjio the Gnoll Assassin began the quest for the Orb.
     0 | D:1      | Reached XP level 1. HP: 20/20 MP: 1/1
   172 | D:2      | Reached XP level 2. HP: 25/26 MP: 2/2
   297 | D:3      | Reached XP level 3. HP: 31/31 MP: 3/3
   371 | D:4      | Reached skill level 1 in Invocations
   386 | D:4      | Noticed Ijyb
   400 | D:4      | Reached skill level 1 in Long Blades
   400 | D:4      | Reached skill level 1 in Axes
   400 | D:4      | Reached skill level 1 in Maces & Flails
   400 | D:4      | Reached skill level 1 in Polearms
   400 | D:4      | Reached skill level 1 in Staves
   400 | D:4      | Reached skill level 1 in Slings
   400 | D:4      | Reached skill level 1 in Bows
   400 | D:4      | Reached skill level 1 in Crossbows
   400 | D:4      | Reached skill level 1 in Armour
   400 | D:4      | Reached skill level 1 in Shields
   400 | D:4      | Reached skill level 1 in Unarmed Combat
   400 | D:4      | Reached skill level 1 in Spellcasting
   400 | D:4      | Reached skill level 1 in Evocations
   400 | D:4      | Reached XP level 4. HP: 17/38 MP: 5/5
   424 | D:4      | Paralysed by Ijyb for 6 turns
   436 | D:4      | Killed Ijyb
   436 | D:4      | Reached skill level 1 in Conjurations
   436 | D:4      | Reached skill level 1 in Hexes
   436 | D:4      | Reached skill level 1 in Charms
   436 | D:4      | Reached skill level 1 in Summonings
   436 | D:4      | Reached skill level 1 in Necromancy
   436 | D:4      | Reached skill level 1 in Translocations
   436 | D:4      | Reached skill level 1 in Transmutations
   436 | D:4      | Reached skill level 1 in Fire Magic
   436 | D:4      | Reached skill level 1 in Ice Magic
   436 | D:4      | Reached skill level 1 in Air Magic
   436 | D:4      | Reached skill level 1 in Earth Magic
   436 | D:4      | Reached skill level 1 in Poison Magic
   464 | D:4      | Reached XP level 5. HP: 14/43 MP: 5/7
   480 | D:4      | Found a glowing golden altar of the Shining One.
   517 | D:4      | Found a shimmering altar of Xom.
   517 | D:4      | Found a shimmering altar of Xom.
   518 | D:4      | Found a shimmering altar of Xom.
   553 | D:4      | HP: 2/43 [water moccasin skeleton (1)]
   586 | D:4      | Killed from afar by an orc wizard

Vault maps used:
D:1:      dpeg_arrival_tiny_a
D:2:      nicolae_overflow_crystal_walls
D:3:      nicolae_ru_path_of_blood, ashenzari_altar_1, first_ration
D:4:      lemuel_doored_altar, minmay_temple_entry_hall, serial_shops, shop,
          xom_redecorated, uniq_ijyb, uniq_menkaure

Skill      XL: |  1  2  3  4  5 |
---------------+----------------+-----
Invocations    | 1 |  1.7
Long Blades    | 1 |  1.5
Axes           | 1 |  1.5
Maces & Flails | 1 |  1.5
Polearms       | 1 |  1.5
Staves         | 1 |  1.5
Slings         | 1 |  1.5
Bows           | 1 |  1.5
Crossbows      | 1 |  1.5
Armour         | 1 |  1.5
Shields        | 1 |  1.5
Unarmed Combat | 1 |  1.5
Spellcasting   | 1 |  1.5
Evocations     | 1 |  1.5
Conjurations   | 1 |  1.2
Hexes          | 1 |  1.2
Charms         | 1 |  1.2
Summonings     | 1 |  1.2
Necromancy     | 1 |  1.2
Translocations | 1 |  1.2
Transmutations | 1 |  1.2
Fire Magic     | 1 |  1.2
Ice Magic      | 1 |  1.2
Air Magic      | 1 |  1.2
Earth Magic    | 1 |  1.2
Poison Magic   | 1 |  1.2
Dodging        | 3 |  3.0
Fighting       | |  4.8
Short Blades   | |  4.8
Throwing       | |  4.8
Stealth        | |  7.9

Action                   |  1- 3 |  4- 6 || total
-------------------------+-------+-------++-------
Melee: Dagger            |    61 |    54 ||   115
       Bite              |     3 |     7 ||    10
       Punch             |       |     1 ||     1
 Fire: Blowgun           |       |     6 ||     6
Evoke: Wand              |       |     3 ||     3
 Stab: Sleeping          |     8 |     2 ||    10
       Paralysed         |       |     1 ||     1
Armor: Robe              |    11 |     2 ||    13
Dodge: Dodged            |    35 |    22 ||    57

Table legend:
 A = Spawn XP
 B = Non-spawn XP
 C = Spawn XP percentage of total XP
 D = Spawn monster count
 E = Non-spawn monster count
 F = Spawn count percentage of total count
 G = Total turns spent on level
                    A         B        C        D         E        F      G
               +---------+---------+-------+---------+---------+-------+---------
         Total |       0 |     267 |   0.0 |       0 |      23 |   0.0 |   586
               +---------+---------+-------+---------+---------+-------+---------
           D:1 |       0 |       6 |   0.0 |       0 |       5 |   0.0 |   142
           D:2 |       0 |      22 |   0.0 |       0 |       5 |   0.0 |   128
           D:3 |       0 |      11 |   0.0 |       0 |       5 |   0.0 |    54
           D:4 |       0 |     228 |   0.0 |       0 |       8 |   0.0 |   262
               +---------+---------+-------+---------+---------+-------+---------
